 Dungeon Crawl Stone Soup version 0.29-a0-43-g62a80824bf (webtiles) character file.

Game seed: 9620490943300674526

3286 porpoise the Grappler (level 9, -8/72 HPs)
             Began as a Demonspawn Transmuter on Feb 3, 2022.
             Was a Follower of Nemelex Xobeh.
             Killed from afar by a gargoyle (15 damage)
             ... with a stone arrow
             ... on level 6 of the Dungeon.
             The game lasted 00:32:51 (10532 turns).

porpoise the Grappler (Demonspawn Transmuter)      Turns: 10532, Time: 00:32:55

Health: -8/72      AC: 10    Str: 14    XL:     9   Next: 69%
Magic:  12/12      EV: 13    Int: 16    God:    Nemelex Xobeh [*.....]
Gold:   283        SH:  0    Dex: 13    Spells: 9/12 levels left

rFire   . . .      SeeInvis +   a - +2 whip (elec)
rCold   + . .      Faith    .   (no shield)
rNeg    . . .      Spirit   .   t - +3 ring mail {Will+}
rPois   .          Reflect  .   (no helmet)
rElec   .          Harm     .   c - +1 cloak
rCorr   .          Rampage  .   (no gloves)
Will    +....                   (no boots)
Stlth   +.........              (no amulet)
HPRegen 0.22/turn               h - ring of see invisible
MPRegen 0.13/turn               j - ring of protection from cold

@: confused, ambrosia-drunk
A: hooves 1, repulsion field 1, powered by death 1
a: Renounce Religion, Draw Escape, Draw Destruction, Draw Summoning


You were on level 6 of the Dungeon.
You worshipped Nemelex Xobeh.
Nemelex Xobeh was aware of your devotion.
You visited 2 branches of the dungeon, and saw 7 of its levels.

You collected 283 gold pieces.

Inventory:

Hand Weapons
 a - a +2 whip of electrocution (weapon)
 b - a +4 shortbow
 v - a +0 hunting sling
Missiles
 g - 95 arrows
 i - 5 poisoned darts (quivered)
 n - 181 stones
 p - 12 sling bullets
 r - 4 throwing nets
 s - 46 bolts
Armour
 c - a +1 cloak (worn)
 t - a +3 ring mail of willpower (worn)
Jewellery
 h - a ring of see invisible (left hand)
 j - a ring of protection from cold (right hand)
 k - a ring of ice
Wands
 e - a wand of acid (8)
 f - a wand of flame (6)
Scrolls
 l - a scroll of teleportation
 m - a scroll of amnesia
 o - a scroll of identify
 w - a scroll of fog
Potions
 d - 2 potions of brilliance


   Skills:
 - Level 7.0 Fighting
 - Level 2.0 Maces & Flails
 * Level 4.0 Dodging
 - Level 5.0 Stealth
 * Level 8.9 Unarmed Combat
 - Level 2.0 Spellcasting
 - Level 1.7 Transmutations
 + Level 3.3 Invocations


You had 9 spell levels left.
You knew the following spells:

 Your Spells              Type           Power      Damage    Failure   Level
a - Beastly Appendage     Tmut           14%        N/A       21%         1
w - Wereblood             Tmut           7%         N/A       30%         2

Your spell library contained the following spells:

 Spells                   Type           Power      Damage    Failure   Level
 Spider Form              Tmut/Pois      4%         N/A       65%         3
 Ice Form                 Ice/Tmut       4%         N/A       96%         4


Dungeon Overview and Level Annotations

Branches:
Dungeon (6/15)             Temple (1/1) D:4

Altars:
Ashenzari
Cheibriados
Dithmenos
Elyvilon
Fedhas
Gozag
Hepliaklqana
Kikubaaqudgha
Makhleb
Nemelex Xobeh
Okawaru
Qazlal
Ru
Sif Muna
Trog
Uskayaw
Vehumet
Wu Jian
Xom
Yredelemnul
Zin
The Shining One

Annotations:
D:3 Dig


Innate Abilities, Weirdness & Mutations

You have large cloven feet.
You are surrounded by a mild repulsion field. (EV +2)
You regenerate a little health from kills.


Message History

You closely miss the white imp.
The white imp is severely wounded.
The white imp hits you. The white imp freezes you. You resist.
You hit the white imp. You punch the white imp.
You kill the white imp!
You start resting.
You are no longer corroded.
You start resting.
A gargoyle comes into view. It is wielding a +2 vorpal flail.
You see here 11 gold pieces.
You hit the gargoyle but do no damage.
You kick the gargoyle, but do no damage.
The gargoyle hits you with a +2 vorpal flail.
You hit the gargoyle.
The gargoyle is lightly damaged.
The gargoyle hurls a stone arrow at you.
The stone arrow misses you.
You hit the gargoyle but do no damage. You kick the gargoyle.
The gargoyle is moderately damaged.
The gargoyle hits you with a +2 vorpal flail!
You hit the gargoyle but do no damage. Your kick misses the gargoyle.
You punch the gargoyle.
The gargoyle is moderately damaged.
The gargoyle barely misses you.
You hit the gargoyle but do no damage.
The gargoyle is moderately damaged.
The gargoyle hits you with a +2 vorpal flail!
* * * LOW HITPOINT WARNING * * *
x2 You hit the gargoyle but do no damage.
The gargoyle is moderately damaged.
The gargoyle hurls a stone arrow at you.
The stone arrow hits you!
* * * LOW HITPOINT WARNING * * *
It was a potion of ambrosia.
You are confused.
You feel invigorated.
The gargoyle hurls a stone arrow at you.
The stone arrow hits you!
You die...
Your body disappears without a glow.

# ####
****################### ...#
*,,,#.....#.....#.....# ##<#
*,,,#.....#..÷..#†....#
#.####,,,#(.#..#..#..#..#..#
#....#+###..#..#..#..#..#..#
##....#......#...$.#.....#.)#
......#,....Y#.9@..#.....#..#
#.....####################..#
............................#
............................#
#.....####################..#
#.....#,,,,,,#.....#.....#..#
#.....#,,,,,,#.....#.....#..#
#.....#+***,,#(.#..#..#..#..#
#.....#,,,*,,#..#..#..#..#††#


You could see a gargoyle.

Vanquished Creatures
  Pikel (D:5)
  Grinder (D:4)
  Sigmund (D:3)
  Eustachio (D:5)
  Duvessa (D:4)
  A water moccasin (D:5)
  A sky beast (D:6)
  2 black bears (D:4)
  2 ice beasts (D:5)
  An ogre (D:6)
  2 centaurs (D:6)
  A phantom (D:6)
  3 lemures (D:5)
  A bullfrog (D:6)
  7 scorpions
  A gnoll sergeant (D:6)
  2 water moccasin zombies (D:6)
  Dowan (D:4)
  3 wights (D:5)
  A jelly (D:6)
  A hound (D:4)
  A bullfrog skeleton (D:5)
  A gnoll shaman (D:5)
  An orc priest (D:5)
  3 iguanas
  15 gnolls
  14 adders
  3 white imps
  An adder skeleton (D:2)
  A worm (D:4)
  A dart slug (D:4)
  7 orcs
  5 endoplasms
  A giant cockroach (D:4)
  3 goblins
  12 hobgoblins
  8 jackals
  6 kobolds
  2 quokkas
  3 ball pythons
  3 bats
  5 frilled lizards
  3 rats
134 creatures vanquished.

Vanquished Creatures (others)
  21 fungi (D:6)
21 creatures vanquished.

Grand Total: 155 creatures vanquished

Notes
Turn   | Place    | Note
-------+----------+-------------------------------------------
     0 | D:1      | porpoise the Demonspawn Transmuter began the quest for the
                  | Orb.
     0 | D:1      | Reached XP level 1. HP: 15/15 MP: 3/3
   588 | D:1      | Gained mutation: You are surrounded by a mild repulsion
                  | field. (EV +2) [demonic ancestry]
   588 | D:1      | Reached XP level 2. HP: 21/21 MP: 5/5
   947 | D:1      | Reached skill level 3 in Unarmed Combat
  1967 | D:2      | Reached skill level 1 in Stealth
  1967 | D:2      | Gained mutation: You have large cloven feet. [demonic
                  | ancestry]
  1967 | D:2      | Reached XP level 3. HP: 23/27 MP: 6/6
  2334 | D:2      | Reached skill level 1 in Maces & Flails
  2392 | D:2      | Reached XP level 4. HP: 31/34 MP: 7/7
  2428 | D:2      | Noticed a scorpion
  2444 | D:2      | Killed a scorpion
  2670 | D:2      | Gained mutation: You regenerate a little health from kills.
                  | [demonic ancestry]
  2670 | D:2      | Reached XP level 5. HP: 41/41 MP: 8/8
  3060 | D:3      | Noticed Sigmund
  3085 | D:3      | Killed Sigmund
  3086 | D:3      | Reached XP level 6. HP: 24/48 MP: 5/9
  4380 | D:4      | Found a staircase to the Ecumenical Temple.
  4398 | D:4      | Reached skill level 4 in Unarmed Combat
  4534 | Temple   | Entered the Ecumenical Temple
  4899 | Temple   | Became a worshipper of Nemelex Xobeh the Trickster
  4923 | D:4      | Learned a level 2 spell: Wereblood
  5252 | D:4      | Found a stormy altar of Qazlal.
  5306 | D:4      | Reached XP level 7. HP: 55/55 MP: 10/10
  5609 | D:4      | Noticed Dowan
  5610 | D:4      | Noticed Grinder
  5612 | D:4      | Noticed Duvessa
  5631 | D:4      | Killed Duvessa
  5632 | D:4      | Reached skill level 5 in Fighting
  5636 | D:4      | Killed Dowan
  5648 | D:4      | Killed Grinder
  6140 | D:4      | Reached skill level 5 in Unarmed Combat
  6305 | D:5      | Entered Level 5 of the Dungeon
  6410 | D:5      | Noticed Eustachio
  6650 | D:5      | Killed Eustachio
  6651 | D:5      | Reached XP level 8. HP: 49/64 MP: 11/11
  7138 | D:5      | Reached * piety under Nemelex Xobeh
  7762 | D:5      | Reached skill level 6 in Unarmed Combat
  7896 | D:5      | Reached skill level 5 in Stealth
  8002 | D:5      | Reached skill level 7 in Unarmed Combat
  8002 | D:5      | HP: 3/67 [poisoned by a water moccasin]
  8004 | D:5      | HP: 1/67 [poisoned by a water moccasin]
  8479 | D:5      | Noticed Pikel
  8647 | D:5      | Killed Pikel
  8648 | D:5      | Reached skill level 8 in Unarmed Combat
  8648 | D:5      | Reached XP level 9. HP: 63/72 MP: 12/12
  8811 | D:5      | Received a gift from Nemelex Xobeh
  8915 | D:6      | Reached skill level 1 in Invocations
 10521 | D:6      | Noticed a gargoyle
 10531 | D:6      | HP: 3/72 [gargoyle/stone arrow (16)]
 10532 | D:6      | Killed from afar by a gargoyle

Illustrated notes

Levels and vault maps discovered:
D:1:      dpeg_arrival_rooms_with_view, layout_basic, serial_co_window_serial,
          co_window_paths_a, co_window_paths_a, co_window_paths_a,
          co_window_of_opportunity_a, co_window_corner_a, co_window_corner_a,
          co_window_broadway_b, co_window_2corner, co_window_corner_b,
          co_window_corner_b, co_window_broadway_c, co_window_broadway_b,
          co_window_paths_e, glass_columns_c
D:2:      layout_basic
D:3:      layout_basic, minmay_statues_item, due_unseen_surprise, uniq_sigmund
D:4:      layout_rooms, grunt_qazlal_sundering, minmay_temple_entry_large_hall,
          uniq_grinder, uniq_duvessa
D:5:      layout_cave_pods, patterned_corridor, uniq_eustachio, uniq_pikel
D:6:      kennysheep_windowed_halls, layout_rooms, serial_aquarium,
          aquarium_bridge_island_large [aquarium_subvault_large_water,
          aquarium_subvault_window, aquarium_subvault_window,
          aquarium_subvault_bridge, aquarium_subvault_balcony],
          aquarium_bridge_straight [aquarium_subvault_bridge,
          aquarium_subvault_window, aquarium_subvault_bridge,
          aquarium_subvault_wall], aquarium_window_1, aquarium_window_corner,
          aquarium_window_1, aquarium_view_2b, aquarium_pool_S,
          minmay_fractal_squares_5
Temple:   compressed_dpeg_triangle_lava_temple

Skill      XL: |  1  2  3  4  5  6  7  8  9 |
---------------+----------------------------+-----
Unarmed Combat | 3 4 5 8 |  8.9
Fighting       | 2 3 4 6 7 |  7.0
Stealth        | 1 2 3 4 5 |  5.0
Maces & Flails | 1 2 |  2.0
Dodging        | 4 |  4.0
Invocations    | 3 |  3.3
Spellcasting   | |  2.0
Transmutations | |  1.7

Action                   |  1- 3 |  4- 6 |  7- 9 || total
-------------------------+-------+-------+-------++-------
Melee: Whip              |   105 |   111 |   287 ||   503
       Unarmed           |     5 |       |    62 ||    67
       Punch             |     5 |     2 |    21 ||    28
       Kick              |     4 |    24 |   109 ||   137
 Fire: Shortbow          |       |       |    12 ||    12
Throw: Dart              |       |     9 |    10 ||    19
       Stone             |       |     1 |     2 ||     3
 Cast: Beastly Appendage |       |     1 |       ||     1
       Wereblood         |       |       |     1 ||     1
Evoke: Wand              |       |       |     1 ||     1
  Use: Scroll            |       |     4 |     7 ||    11
       Potion            |       |       |     6 ||     6
 Stab: Sleeping          |     2 |     3 |     3 ||     8
       Distracted        |       |       |     1 ||     1
Armor: Robe              |    16 |       |       ||    16
       Leather armour    |       |    15 |     3 ||    18
       Ring mail         |       |       |   149 ||   149
Dodge: Dodged            |    66 |    81 |   309 ||   456

Table legend: (Time is in decaauts)
 A = Elapsed time spent in this place.
 B = Non-inter-level travel time spent in this place.
 C = Inter-level travel time spent in this place.
 D = Time resting spent in this place.
 E = Time spent auto-exploring this place.
 F = Levels seen in this place.
 G = Mean time per level.
                   A        B        C        D        E       F      G
               +--------+--------+--------+--------+--------+-----+--------+
         Total |  10528 |  10318 |    210 |   4893 |   3761 |   7 | 1504.0 |
       Dungeon |  10153 |   9974 |    179 |   4893 |   3436 |   6 | 1692.2 |
        Temple |    374 |    343 |     31 |      0 |    325 |   1 |  374.0 |
               +--------+--------+--------+--------+--------+-----+--------+

Top non-repeatable levels by time:
     D:5: 2598 daAuts
     D:4: 1912 daAuts
     D:1: 1845 daAuts
     D:3: 1415 daAuts
     D:6: 1257 daAuts
     D:2: 1123 daAuts
  Temple: 374 daAuts
